 Dungeon Crawl Stone Soup version 0.26-a0-708-g17f3b190f9 (webtiles) character file.

Game seed: 13091144138392664986

26623 robertstho the Frost Mage (level 13, -11/98 HPs)
             Began as a Gnoll Ice Elementalist on Oct 29, 2020.
             Was an Elder of Sif Muna.
             Killed from afar by an ice statue (15 damage)
             ... with a shard of ice
             ... in an ice cave.
             The game lasted 00:36:34 (17356 turns).

robertstho the Frost Mage (Gnoll Ice Elementalist) Turns: 17356, Time: 00:36:35

Health: -11/98     AC: 15    Str: 12    XL:     13   Next: 27%
Magic:  22/26      EV: 21    Int: 22    God:    Sif Muna [****..]
Gold:   710        SH:  0    Dex: 15    Spells: 16/31 levels left

rFire    x . .     SeeInvis .   R - +4 scimitar (flame)
rCold    + . .     Faith    .   (no shield)
rNeg     . . .     Spirit   .   S - +0 acid dragon scales
rPois    .         Reflect  .   J - +2 helmet
rElec    .         Harm     .   H - +0 cloak
rCorr    +         Rampage  .   G - +0 pair of gloves {archery}
MR       .....                  Q - +0 pair of boots (curse)
Stlth    ++++......             (no amulet)
HPRegen  0.26/turn              N - ring of ice
MPRegen  0.20/turn              A - +4 ring of evasion

@: no status effects
A: distributed training, fangs 1, strong nose
a: Channel Magic, Forget Spell, Divine Exegesis, Renounce Religion


You were in an ice cave.
You worshipped Sif Muna.
Sif Muna was greatly pleased with you.
You visited 2 branches of the dungeon, and saw 15 of its levels.
You also visited: Ice Cave.

You collected 1143 gold pieces.
You spent 433 gold pieces at shops.

Inventory:

Hand Weapons
 c - a +1 hand axe of electrocution
 R - a +4 scimitar of flaming (weapon)
Missiles
 b - 133 poisoned darts (quivered)
Armour
 f - a +1 pair of gloves
 D - a +1 robe of resistance
 G - a +0 pair of gloves of archery (worn)
 H - a +0 cloak (worn)
 J - a +2 helmet (worn)
 P - a +1 pair of boots
 Q - a cursed +0 pair of boots (worn)
 S - +0 acid dragon scales (worn)
Jewellery
 a - an uncursed ring of poison resistance
 A - a +4 ring of evasion (right hand)
 F - an uncursed ring of positive energy
 K - an uncursed ring of wizardry
 N - a ring of ice (left hand)
Wands
 i - a wand of acid (10)
 k - a wand of digging (6)
 y - a wand of paralysis (10)
 E - a wand of flame (18)
 L - a wand of polymorph (9)
Scrolls
 d - 5 scrolls of teleportation
 e - 3 scrolls of enchant weapon
 h - 3 scrolls of immolation
 l - 14 scrolls of remove curse
 n - 3 scrolls of enchant armour
 p - 5 scrolls of fog
 s - 2 scrolls of blinking
 t - a scroll of holy word
 B - 6 scrolls of magic mapping
 M - a scroll of fear
Potions
 g - a potion of lignification
 j - 4 potions of stabbing
 m - 2 potions of mutation
 o - 2 potions of cancellation
 q - a potion of might
 r - 2 potions of haste
 v - 2 potions of heal wounds
 w - 4 potions of brilliance
 x - 3 potions of flight
 z - 2 potions of berserk rage
 C - a potion of magic
 I - 6 potions of curing
 O - 3 potions of resistance
 T - a potion of invisibility


   Skills:
 + Level 8.1 Fighting
 + Level 8.1 Short Blades
 + Level 8.1 Long Blades
 + Level 8.1 Axes
 + Level 8.1 Maces & Flails
 + Level 8.1 Polearms
 + Level 8.1 Staves
 + Level 8.1 Slings
 + Level 8.1 Bows
 + Level 8.1 Crossbows
 + Level 8.1 Throwing
 + Level 8.1 Armour
 + Level 9.4 Dodging
 + Level 9.2 Stealth
 + Level 8.1 Shields
 + Level 8.1 Unarmed Combat
 + Level 9.6 Spellcasting
 + Level 6.7 Conjurations
 + Level 6.7 Hexes
 + Level 6.7 Summonings
 + Level 6.7 Necromancy
 + Level 6.7 Translocations
 + Level 6.7 Transmutations
 + Level 6.7 Fire Magic
 + Level 9.9 Ice Magic
 + Level 6.7 Air Magic
 + Level 6.7 Earth Magic
 + Level 6.7 Poison Magic
 + Level 8.9 Invocations
 + Level 8.1 Evocations


You had 16 spell levels left.
You knew the following spells:

 Your Spells              Type           Power        Failure   Level
a - Freeze                Ice            ####         1%          1
b - Frozen Ramparts       Ice            ######       1%          3
c - Ozocubu's Armour      Ice            ######..     1%          3
d - Hailstorm             Conj/Ice       ######..     2%          4
e - Summon Ice Beast      Ice/Summ       ######..     2%          4

Your spell library contained the following spells:

 Spells                   Type           Power        Failure   Level
 Teleport Other           Tloc           #####...     1%          3
 Ice Form                 Ice/Tmut       ######..     2%          4
 Iskenderun's Mystic Bla  Conj/Tloc      #####...     5%          4
 Metabolic Englaciation   Hex/Ice        ######....   8%          5
 Lee's Rapid Deconstruct  Erth           #####.....   16%         5
 Ozocubu's Refrigeration  Ice            ######....   24%         6
 Simulacrum               Ice/Necr       ######....   41%         6
 Freezing Cloud           Conj/Ice/Air   ######....   50%         6
 Disjunction              Tloc           #####.....   100%        8


Dungeon Overview and Level Annotations

Branches:
Dungeon (14/15)            Temple (1/1) D:7            Lair (0/6) D:10
    Orc (0/2) D:12          IceCv (1/1)
 Vaults: D:13-14

Altars:
Ashenzari
Dithmenos
Elyvilon
Fedhas
Hepliaklqana
Kikubaaqudgha
Makhleb
Okawaru
Sif Muna
Trog
Uskayaw
Wu Jian
Xom
Zin
The Shining One
Beogh

Shops:
D:4 =[:*   D:8 ?   D:13 !

Portals:
Trove: D:13 (give +6 demon blade)

Annotations:
D:4 Jewellry shop
D:9 exclusion: orange crystal statue IceCv exclusion: ice statue


Innate Abilities, Weirdness & Mutations

Your experience applies equally to all skills.
You have very sharp teeth.
Your uncanny sense of smell can sniff out nearby items.


Message History

The shard of ice misses you. The ice beast misses you.
The ice beast barely misses you.
You riposte.
You closely miss the ice beast.
Your ice beast hits the ice statue.
Your ice beast freezes the ice statue.
The ice statue completely resists.
The ice beast completely misses you.
Your ice beast barely misses the ice beast.
You hit the ice statue but do no damage.
You bite the ice statue, but do no damage.
The ice statue is almost destroyed.
You are engulfed in freezing vapours.
You resist.
* * * LOW HITPOINT WARNING * * *
The ice beast misses you. x2; You riposte.
You hit the ice beast but do no damage. Your bite misses the ice beast.
Your ice beast hits the ice statue but does no damage.
The ice beast hits you but does no damage.
Your ice beast closely misses the ice beast.
You hit the ice statue but do no damage.
The ice statue is almost destroyed.
The ice statue gestures at you. The shard of ice hits you!
You partially resist.
You die...

#### ### #.^ ..#
#.# #.# #.#∆∆∆#.#
#.#∆ ∆#.#
##.#∆∆∆#Y##
####..#####@8####
#........°YYYY..#
#+######'######'#
#.'.......'.# #
###.8...8.###
#.'.......'.#
###.8...8.###
#.'.......'.#
###.8...8.###


You could see an ice statue, 3 ice beasts and 2 friendly ice beasts.

Vanquished Creatures
  Azrael (D:13)
  A boulder beetle (D:14)
  4 two-headed ogres
  2 centaur warriors (D:13)
  3 unseen horrors
  A deep elf mage (D:12)
  An orc knight (D:12)
  A manticore (D:11)
  An ugly thing (D:12)
  A cyclops (D:13)
  A centaur zombie (D:11)
  3 ice statues (IceCv)
  2 rime drakes (D:14)
  An ice devil (IceCv)
  Grinder (D:5)
  Sigmund (D:2)
  3 wraiths
  7 wyverns
  3 yaks (D:10)
  2 vampire mosquitoes (D:14)
  A fire elemental (D:13)
  An acid dragon (D:12)
  2 water moccasins
  2 black bears
  2 hell hounds (D:13)
  An ice beast (D:10)
  3 sky beasts
  7 orc warriors
  2 phantoms
  7 ogres
  15 centaurs
  A big kobold (D:11)
  6 bullfrogs
  Dowan (D:6)
  3 scorpions (D:10)
  9 killer bees
  2 wights (D:6)
  4 howler monkeys
  2 draconian simulacra (IceCv)
  A quasit (D:10)
  A bullfrog zombie (D:5)
  2 jellies
  6 hounds
  Crazy Yiuf (D:6)
  9 orc priests
  A centaur skeleton (D:11)
  7 orc wizards
  Ijyb (D:4)
  A bullfrog skeleton (D:4)
  Natasha (twice) (D:4)
  An iguana (D:8)
  A spriggan simulacrum (IceCv)
  2 troll simulacra (IceCv)
  7 worker ants
  A centaur simulacrum (IceCv)
  A nameless horror (IceCv)
  A howler monkey zombie (D:5)
  12 adders
  7 gnolls
  A howler monkey skeleton (D:5)
  3 naga simulacra (IceCv)
  An ogre simulacrum (IceCv)
  A shadow imp (D:4)
  A white imp (D:2)
  An ufetubus (D:9)
  An ooze (D:4)
  4 worms
  3 dart slugs
  10 leopard geckos
  47 orcs
  A ball python (D:3)
  7 bats
  7 giant cockroaches
  14 goblins
  11 hobgoblins
  7 jackals
  17 kobolds
  2 quokkas
  4 frilled lizards
  A giant cockroach zombie (D:6)
  4 rats
324 creatures vanquished.

Vanquished Creatures (collateral kills)
  A hydra (D:13)
  6 two-headed ogres
  Urug (D:13)
  An ugly thing (D:11)
  An efreet (D:12)
  Prince Ribbit (D:5)
  A hornet (D:10)
  A meliai zombie (D:13)
  2 yaks (D:10)
  A shadow (D:11)
  A fire elemental (D:13)
  Menkaure (D:6)
  2 water moccasins (D:13)
  A hell hound (D:13)
  Duvessa (D:6)
  An orc warrior (D:10)
  A sky beast (D:14)
  2 ice beasts
  A phantom (D:8)
  An eye of draining (D:12)
  4 centaurs (D:14)
  A bullfrog (D:10)
  A scorpion (D:8)
  A killer bee (D:7)
  6 wights
  An electric eel (D:10)
  A centaur zombie (D:11)
  A killer bee zombie (D:5)
  2 hound zombies
  An adder (D:10)
  A white imp (D:8)
  6 orcs
  A quokka (D:11)
55 creatures vanquished.

Vanquished Creatures (others)
  A centaur warrior (D:14)
  A centaur (D:14)
  12 fungi (D:10)
  9 plants (D:10)
23 creatures vanquished.

Grand Total: 402 creatures vanquished

Notes
Turn   | Place    | Note
-------+----------+-------------------------------------------
     0 | D:1      | robertstho the Gnoll Ice Elementalist began the quest for
                  | the Orb.
     0 | D:1      | Reached XP level 1. HP: 13/13 MP: 6/6
   318 | D:1      | Reached XP level 2. HP: 19/19 MP: 7/7
  1004 | D:1      | Reached XP level 3. HP: 20/25 MP: 7/9
  1066 | D:1      | Reached skill level 5 in Spellcasting
  1235 | D:1      | Learned a level 3 spell: Frozen Ramparts
  1239 | D:1      | Learned a level 3 spell: Ozocubu's Armour
  1455 | D:2      | Noticed Sigmund
  1471 | D:2      | Killed Sigmund
  1471 | D:2      | Reached skill level 1 in Fighting
  1471 | D:2      | Reached skill level 1 in Short Blades
  1471 | D:2      | Reached skill level 1 in Long Blades
  1471 | D:2      | Reached skill level 1 in Axes
  1471 | D:2      | Reached skill level 1 in Maces & Flails
  1471 | D:2      | Reached skill level 1 in Polearms
  1471 | D:2      | Reached skill level 1 in Staves
  1471 | D:2      | Reached skill level 1 in Slings
  1471 | D:2      | Reached skill level 1 in Bows
  1471 | D:2      | Reached skill level 1 in Crossbows
  1471 | D:2      | Reached skill level 1 in Throwing
  1471 | D:2      | Reached skill level 1 in Armour
  1471 | D:2      | Reached skill level 1 in Shields
  1471 | D:2      | Reached skill level 1 in Unarmed Combat
  1471 | D:2      | Reached skill level 1 in Conjurations
  1471 | D:2      | Reached skill level 1 in Hexes
  1471 | D:2      | Reached skill level 1 in Summonings
  1471 | D:2      | Reached skill level 1 in Necromancy
  1471 | D:2      | Reached skill level 1 in Translocations
  1471 | D:2      | Reached skill level 1 in Transmutations
  1471 | D:2      | Reached skill level 1 in Fire Magic
  1471 | D:2      | Reached skill level 1 in Air Magic
  1471 | D:2      | Reached skill level 1 in Earth Magic
  1471 | D:2      | Reached skill level 1 in Poison Magic
  1471 | D:2      | Reached skill level 1 in Invocations
  1471 | D:2      | Reached skill level 1 in Evocations
  1471 | D:2      | Reached XP level 4. HP: 32/32 MP: 4/11
  1471 | D:2      | Reached XP level 5. HP: 37/37 MP: 4/12
  1487 | D:2      | Learned a level 4 spell: Hailstorm
  1857 | D:2      | Reached XP level 6. HP: 44/44 MP: 10/13
  2561 | D:3      | Learned a level 4 spell: Summon Ice Beast
  3001 | D:3      | Noticed an ice beast
  3045 | D:3      | Killed an ice beast
  3045 | D:3      | Reached skill level 5 in Dodging
  3225 | D:3      | Found a white marble altar of Elyvilon.
  3320 | D:3      | Reached XP level 7. HP: 42/50 MP: 5/15
  3674 | D:4      | Found Akaq's Book Boutique.
  4020 | D:4      | Noticed Ijyb
  4027 | D:4      | Killed Ijyb
  4144 | D:4      | Found Nunox Wiefe's General Store.
  4153 | D:4      | Bought a scroll of magic mapping for 38 gold pieces
  4153 | D:4      | Bought a potion of stabbing for 44 gold pieces
  4165 | D:4      | Found Mobbuh's Antique Armour Shoppe.
  4166 | D:4      | Noticed Natasha
  4173 | D:4      | Killed Natasha
  4223 | D:4      | Bought a runed robe for 96 gold pieces
  4241 | D:4      | Found Ewibeq's Jewellery Emporium.
  4272 | D:4      | Reached skill level 5 in Stealth
  4294 | D:4      | Noticed Natasha
  4308 | D:4      | Killed Natasha
  4390 | D:4      | Found a shadowy altar of Dithmenos.
  4486 | D:5      | Entered Level 5 of the Dungeon
  4552 | D:5      | Noticed Prince Ribbit
  4565 | D:5      | Killed Prince Ribbit
  4565 | D:5      | Reached XP level 8. HP: 34/57 MP: 4/16
  5105 | D:5      | Noticed Grinder
  5140 | D:5      | Killed Grinder
  5874 | D:6      | Noticed Menkaure
  5885 | D:6      | Killed Menkaure
  6537 | D:6      | Reached XP level 9. HP: 65/65 MP: 14/18
  6641 | D:6      | Found a runed translucent door.
  6642 | D:6      | Noticed Crazy Yiuf
  6650 | D:6      | Killed Crazy Yiuf
  6728 | D:6      | Noticed Duvessa
  6729 | D:6      | Noticed Dowan
  6735 | D:6      | Killed Dowan
  6741 | D:6      | Killed Duvessa
  7706 | D:7      | Found a staircase to the Ecumenical Temple.
  7778 | Temple   | Entered the Ecumenical Temple
  7781 | Temple   | Became a worshipper of Sif Muna the Loreminder
  8003 | D:8      | Noticed a two-headed ogre
  8021 | D:8      | Killed a two-headed ogre
  8021 | D:8      | Reached skill level 5 in Invocations
  8021 | D:8      | Reached XP level 10. HP: 73/73 MP: 15/20
  8111 | D:8      | Found Kaynodac's Magic Scroll Emporium.
  8128 | D:8      | Bought a scroll of identify for 24 gold pieces
  8128 | D:8      | Bought a scroll of random uselessness for 12 gold pieces
  8128 | D:8      | Bought a scroll of fear for 42 gold pieces
  8128 | D:8      | Bought a scroll of amnesia for 42 gold pieces
  8128 | D:8      | Bought a scroll of identify for 24 gold pieces
  8128 | D:8      | Bought a scroll of teleportation for 36 gold pieces
  8128 | D:8      | Bought a scroll of identify for 24 gold pieces
  8352 | D:8      | Identified the Compendium of the Earthen Compass
  8427 | D:8      | Reached skill level 5 in Fighting
  8427 | D:8      | Reached skill level 5 in Short Blades
  8427 | D:8      | Reached skill level 5 in Long Blades
  8427 | D:8      | Reached skill level 5 in Axes
  8427 | D:8      | Reached skill level 5 in Maces & Flails
  8427 | D:8      | Reached skill level 5 in Polearms
  8427 | D:8      | Reached skill level 5 in Staves
  8427 | D:8      | Reached skill level 5 in Slings
  8427 | D:8      | Reached skill level 5 in Bows
  8427 | D:8      | Reached skill level 5 in Crossbows
  8427 | D:8      | Reached skill level 5 in Throwing
  8427 | D:8      | Reached skill level 5 in Armour
  8427 | D:8      | Reached skill level 5 in Shields
  8427 | D:8      | Reached skill level 5 in Unarmed Combat
  8427 | D:8      | Reached skill level 5 in Evocations
  8641 | D:8      | You fall into a shaft and drop 2 floors!
  8641 | D:10     | Entered Level 10 of the Dungeon
  8798 | D:10     | Reached * piety under Sif Muna
  8933 | D:10     | Noticed a two-headed ogre
  9066 | D:10     | Killed a two-headed ogre
  9501 | D:10     | Noticed a two-headed ogre
  9512 | D:10     | Killed a two-headed ogre
  9512 | D:10     | Reached XP level 11. HP: 81/81 MP: 11/22
  9687 | D:10     | Found a staircase to the Lair.
  9708 | D:10     | Noticed a two-headed ogre
  9720 | D:10     | Killed a two-headed ogre
  9731 | D:10     | Killed an unseen horror
  9731 | D:10     | Reached skill level 5 in Conjurations
  9731 | D:10     | Reached skill level 5 in Hexes
  9731 | D:10     | Reached skill level 5 in Summonings
  9731 | D:10     | Reached skill level 5 in Necromancy
  9731 | D:10     | Reached skill level 5 in Translocations
  9731 | D:10     | Reached skill level 5 in Transmutations
  9731 | D:10     | Reached skill level 5 in Fire Magic
  9731 | D:10     | Reached skill level 5 in Air Magic
  9731 | D:10     | Reached skill level 5 in Earth Magic
  9731 | D:10     | Reached skill level 5 in Poison Magic
 10408 | D:11     | Reached ** piety under Sif Muna
 10571 | D:11     | Killed an unseen horror
 10853 | D:11     | Noticed a manticore
 10855 | D:11     | Noticed a brown ugly thing
 10874 | D:11     | Killed a manticore
 10875 | D:11     | Killed a brown ugly thing
 11297 | D:11     | Found a glowing golden altar of the Shining One.
 11754 | D:9      | Noticed a two-headed ogre
 11763 | D:9      | Killed a two-headed ogre
 12083 | D:9      | Reached *** piety under Sif Muna
 12178 | D:9      | Found a shadowy altar of Dithmenos.
 12269 | D:9      | Noticed an orange crystal statue
 12635 | D:12     | Found an iron altar of Okawaru.
 12681 | D:12     | Noticed a two-headed ogre
 12681 | D:12     | Noticed a two-headed ogre
 12687 | D:12     | Killed a two-headed ogre
 12690 | D:12     | Killed a two-headed ogre
 12871 | D:12     | Reached XP level 12. HP: 89/89 MP: 17/24
 13065 | D:12     | Found a roughly hewn altar of Beogh.
 13065 | D:12     | Found a staircase to the Orcish Mines.
 13426 | D:12     | Noticed a two-headed ogre
 13433 | D:12     | Killed a two-headed ogre
 13750 | D:12     | Noticed a two-headed ogre
 13767 | D:12     | Killed a two-headed ogre
 13986 | D:13     | Noticed Urug
 13991 | D:13     | Reached **** piety under Sif Muna
 13998 | D:13     | Killed Urug
 14315 | D:13     | Noticed a five-headed hydra
 14321 | D:13     | Noticed a two-headed ogre
 14330 | D:13     | Killed a five-headed hydra
 14336 | D:13     | Killed a two-headed ogre
 14711 | D:13     | Noticed a centaur warrior
 14721 | D:13     | Killed a centaur warrior
 14876 | D:13     | Noticed Azrael
 14888 | D:13     | Killed Azrael
 15067 | D:13     | Found Koechum's Distillery.
 15070 | D:13     | Bought a potion of lignification for 51 gold pieces
 15527 | D:13     | Noticed a centaur warrior
 15535 | D:13     | Killed a centaur warrior
 15535 | D:13     | Reached XP level 13. HP: 50/98 MP: 23/26
 15782 | D:13     | Found a portal to a secret trove of treasure.
 16313 | D:14     | Found a frozen archway.
 16325 | IceCv    | Entered an ice cave
 17355 | IceCv    | HP: 4/98 [ice statue] (9)]
 17356 | IceCv    | Killed from afar by an ice statue

Illustrated notes

Levels and vault maps discovered:
D:1:      dpeg_arrival_simpleton_a, layout_loops_corners
D:2:      layout_basic, uniq_sigmund
D:3:      layout_rooms, elyvilon_altar_3, serial_corexii_hall,
          corexii_hall_statues_l, corexii_hall_statues_u,
          chequers_hall_statues_wall_a, ebering_dispersal_statue_hall,
          minmay_cupped
D:4:      layout_rooms, serial_shops, shop,
          nicolae_shop_competitors_out_of_business, shop, shop,
          grunt_dithmenos_shadows, uniq_natasha, uniq_ijyb
D:5:      layout_basic, uniq_prince_ribbit1, uniq_grinder
D:6:      layout_loops_ring, uniq_menkaure, uniq_crazy_yiuf_cottage,
          uniq_duvessa
D:7:      layout_cave_pools, minmay_temple_entry_stoned_glass
D:8:      layout_basic, serial_shops, shop
D:9:      layout_rooms, basic_altar, minmay_misc_feat_rows, minivault_16
D:10:     layout_basic, grunt_lair_entry_orc_guard_hut,
          hangedman_abyss_or_decor_lesser_grid
D:11:     layout_rooms, basic_altar, small_chamber_with_monster
D:12:     layout_roguey, david_orc_5, okawaru_ov_weapons_minmay
D:13:     layout_loops_ring, enter_trove_6, serial_shops,
          nicolae_shop_statue_plus, minmay_misc_feat_nine_boxes,
          lemuel_flame_loot_1, uniq_azrael, uniq_urug
D:14:     layout_cave_pools, ximxim_vaults_locker_room, minivault_27,
          portal_ice_cave_rime, minmay_misc_feat_diagonals, hex_medium
Temple:   dpeg_three_leaves_temple
IceCv:    ice_cave_tombish

Skill      XL: |  1  2  3  4  5  6  7  8  9 10 11 12 13 |
---------------+----------------------------------------+-----
Spellcasting   | 5 6 7 8 9 |  9.6
Fighting       | 1 2 3 4 5 6 7 8 |  8.1
Short Blades   | 1 2 3 4 5 6 7 8 |  8.1
Long Blades    | 1 2 3 4 5 6 7 8 |  8.1
Axes           | 1 2 3 4 5 6 7 8 |  8.1
Maces & Flails | 1 2 3 4 5 6 7 8 |  8.1
Polearms       | 1 2 3 4 5 6 7 8 |  8.1
Staves         | 1 2 3 4 5 6 7 8 |  8.1
Slings         | 1 2 3 4 5 6 7 8 |  8.1
Bows           | 1 2 3 4 5 6 7 8 |  8.1
Crossbows      | 1 2 3 4 5 6 7 8 |  8.1
Throwing       | 1 2 3 4 5 6 7 8 |  8.1
Armour         | 1 2 3 4 5 6 7 8 |  8.1
Shields        | 1 2 3 4 5 6 7 8 |  8.1
Unarmed Combat | 1 2 3 4 5 6 7 8 |  8.1
Conjurations   | 1 2 3 4 5 6 |  6.7
Hexes          | 1 2 3 4 5 6 |  6.7
Summonings     | 1 2 3 4 5 6 |  6.7
Necromancy     | 1 2 3 4 5 6 |  6.7
Translocations | 1 2 3 4 5 6 |  6.7
Transmutations | 1 2 3 4 5 6 |  6.7
Fire Magic     | 1 2 3 4 5 6 |  6.7
Air Magic      | 1 2 3 4 5 6 |  6.7
Earth Magic    | 1 2 3 4 5 6 |  6.7
Poison Magic   | 1 2 3 4 5 6 |  6.7
Invocations    | 1 2 3 4 5 6 7 8 |  8.9
Evocations     | 1 2 3 4 5 6 7 8 |  8.1
Dodging        | 5 6 7 8 9 |  9.4
Stealth        | 5 6 7 8 9 |  9.2
Ice Magic      | 8 9 |  9.9

Action                   |  1- 3 |  4- 6 |  7- 9 | 10-12 | 13-15 || total
-------------------------+-------+-------+-------+-------+-------++-------
Melee: Dagger            |   118 |    21 |       |     3 |       ||   142
       Bite              |     9 |     1 |    27 |    36 |    30 ||   103
       Flail             |       |    30 |       |       |       ||    30
       Spear             |       |       |   210 |   155 |       ||   365
       Punch             |       |       |     3 |    10 |     4 ||    17
       Hand axe          |       |       |       |    45 |       ||    45
       Scimitar          |       |       |       |    76 |   140 ||   216
 Cast: Freeze            |    13 |       |       |     2 |       ||    15
       Frozen Ramparts   |     3 |    31 |    37 |    78 |     5 ||   154
       Summon Ice Beast  |       |     3 |    22 |    67 |    21 ||   113
       Hailstorm         |       |       |     4 |    12 |       ||    16
Invok: Channel Magic     |       |       |       |     1 |       ||     1
  Use: Scroll            |       |       |     9 |    11 |     2 ||    22
       Potion            |       |       |       |     1 |       ||     1
 Stab: Sleeping          |     2 |       |     3 |     3 |     8 ||    16
       Distracted        |     1 |       |       |     1 |     4 ||     6
Armor: Robe              |    32 |     9 |    28 |    77 |       ||   146
       Acid dragon scale |       |       |       |    14 |    47 ||    61
Dodge: Dodged            |   110 |    48 |   153 |   276 |   179 ||   766
       Rpst.: Scimitar   |       |       |       |    23 |    46 ||    69

Table legend: (Time is in decaauts)
 A = Elapsed time spent in this place.
 B = Non-inter-level travel time spent in this place.
 C = Inter-level travel time spent in this place.
 D = Time resting spent in this place.
 E = Time spent auto-exploring this place.
 F = Levels seen in this place.
 G = Mean time per level.
                   A        B        C        D        E       F      G
               +--------+--------+--------+--------+--------+-----+--------+
         Total |  17313 |  16852 |    461 |   1379 |  12058 |  16 | 1082.1 |
       Dungeon |  16278 |  15820 |    458 |    842 |  11883 |  14 | 1162.7 |
        Temple |      6 |      3 |      3 |      0 |      0 |   1 |    6.0 |
      Ice Cave |   1028 |   1028 |      0 |    537 |    175 |   1 | 1028.0 |
               +--------+--------+--------+--------+--------+-----+--------+

Top non-repeatable levels by time:
    D:13: 2081 daAuts
    D:10: 1593 daAuts
     D:6: 1558 daAuts
    D:11: 1476 daAuts
    D:12: 1461 daAuts
     D:1: 1396 daAuts
     D:5: 1163 daAuts
     D:2: 1151 daAuts
     D:3: 1079 daAuts
   IceCv: 1028 daAuts
     D:4: 858 daAuts
     D:9: 787 daAuts
     D:7: 730 daAuts
     D:8: 678 daAuts
    D:14: 261 daAuts
